[Event "Team 45 45 League T73"]
[Site "Internet Chess Club"]
[Date "2017.07.16"]
[Round "5"]
[White "liujf"]
[Black "watkins"]
[Result "0-1"]
[WhiteElo "1597"]
[BlackElo "1528"]
[Opening "Caro-Kann: classical, 6.h4"]
[ECO "B18"]
[Time "09:01:25"]
[TimeControl "2700+45"]

1. e4 c6 2. d4 d5 3. Nc3 dxe4 4. Nxe4 Bf5 5. Ng3 Bg6 6. h4 h6 7. Bc4 e6 8. Nf3
Nd7 9. Bf4 Ngf6 10. O-O Nh5 11. Nxh5 Bxh5 12. Re1 Bxf3 13. Qxf3 Qxh4 14. Qe3 Be7
15. Re2 O-O-O 16. Bg3 Qf6 17. Rd1 Rhe8 18. d5 exd5 19. Qxa7 Bd6 20. Bxd6 Qxd6
21. Rde1 Rxe2 22. Bxe2 Qc5 23. Qxc5 Nxc5 24. Bg4+ Kc7 25. Re7+ Kb6 26. Rxf7 g6
27. Bh3 Ne4 28. Rf3 Ng5 29. Rb3+ Kc7 30. Bg4 h5 31. Be2 Re8 32. Bd3 Re1+ 33. Kh2
Re6 34. Ra3 Kb8 35. Rb3 c5 36. Bb5 Ne4 37. Re3 Rb6 38. Ba4 Nxf2 39. Kg1 Ne4 40.
c4 Nf6 41. cxd5 Nxd5 42. Rd3 Nf4 43. Rd2 Re6 44. Kf2 g5 45. g3 Rf6 46. Bd7 Ne6+
47. Kg2 Nd4 48. Rd3 Kc7 49. Be8 h4 50. gxh4 gxh4 51. Rh3 Rf8 52. Ba4 b5 53. Bd1
Nf5 54. Bc2 Nd4 55. Bd1 Rf4 56. Kg1 Kd6 {White forfeits on time} 0-1

[Event "Team 45 45 League T73"]
[Site "Internet Chess Club"]
[Date "2017.07.13"]
[Round "5"]
[White "Kingofknights"]
[Black "Xbug"]
[Result "1-0"]
[WhiteElo "1502"]
[BlackElo "1169"]
[Opening "King's Indian: Sämisch, 5...O-O"]
[ECO "E81"]
[Time "16:49:14"]
[TimeControl "2700+45"]

1. d4 Nf6 2. c4 g6 3. Nc3 Bg7 4. e4 d6 5. f3 O-O 6. Be3 c5 7. dxc5 dxc5 8. Bxc5
Nc6 9. Be3 Be6 10. Qd2 Qxd2+ 11. Bxd2 Rfd8 12. Nd5 Bxd5 13. cxd5 Nxd5 14. exd5
Rxd5 15. Ne2 Rad8 16. Bc3 Nd4 17. Nxd4 Bxd4 18. Bxd4 Rxd4 19. Be2 Rd2 20. Rd1
Rxd1+ 21. Bxd1 Kg7 22. Ke2 Rd6 23. Bb3 Kf6 24. Rc1 Rd7 25. h4 b6 26. g4 h6 27.
Rc3 e6 28. Rc8 g5 29. h5 Kg7 30. Ba4 Re7 31. Rd8 Rc7 32. Rd7 Rxd7 33. Bxd7 Kf6
34. Ke3 Ke5 35. Be8 f6 36. Bc6 Kd6 37. Bb7 Kc7 38. Be4 Kd6 39. Kd4 a6 40. b4 e5+
41. Ke3 Kc7 42. a4 a5 43. bxa5 bxa5 44. Bc2 Kd6 45. Ke4 Ke6 46. Bb3+ Ke7 47. Kf5
{Black resigns} 1-0

[Event "Team 45 45 League T73"]
[Site "Internet Chess Club"]
[Date "2017.07.15"]
[Round "5"]
[White "hood"]
[Black "JSCOL"]
[Result "0-1"]
[WhiteElo "1997"]
[BlackElo "2095"]
[Opening "Ruy Lopez: Treybal (Bayreuth) variation (exchange var. deferred)"]
[ECO "C77"]
[Time "15:08:02"]
[TimeControl "2700+45"]

1. e4 e5 2. Nf3 Nc6 3. Bb5 a6 4. Ba4 Nf6 5. Bxc6 dxc6 6. d3 Bc5 7. Nbd2 Be6 8.
O-O Nd7 9. Nb3 Bb6 10. Be3 Qe7 11. Qd2 f6 12. Qc3 Bxe3 13. fxe3 O-O-O 14. Rfe1
g5 15. d4 h5 16. dxe5 Bxb3 17. exf6 Nxf6 18. Qxb3 Nxe4 19. Rad1 Rhe8 20. Nd4 c5
21. Ne2 Qf6 22. Nc3 Qf2+ 23. Kh1 Rxd1 24. Rxd1 Rf8 25. Qc4 Qxc2 26. Rf1 Rxf1+
27. Qxf1 Nxc3 28. bxc3 Qxc3 29. Qf8+ Kd7 30. Qf7+ Kc6 31. Qe6+ Kb5 32. h3 b6 33.
e4 Qe1+ 34. Kh2 c4 35. e5 g4 36. hxg4 hxg4 37. Qd7+ c6 38. e6 Qh4+ 39. Kg1 g3
40. e7 Qf4 41. Qxc6+ Kxc6 42. e8=Q+ Kc5 43. Qe7+ Kd4 44. Qd7+ Kc3 45. Qd1 Qd4+
{White resigns} 0-1

[Event "Team 45 45 League T73"]
[Site "Internet Chess Club"]
[Date "2017.07.14"]
[Round "5"]
[White "f5"]
[Black "soccerisfun"]
[Result "1/2-1/2"]
[WhiteElo "2024"]
[BlackElo "1981"]
[Opening "Scotch game"]
[ECO "C45"]
[Time "16:04:08"]
[TimeControl "2700+45"]

1. e4 e5 2. Nf3 Nc6 3. d4 exd4 4. Nxd4 Bc5 5. Be3 Qf6 6. c3 Nge7 7. Bc4 O-O 8.
O-O d6 9. Nxc6 Nxc6 10. Bxc5 dxc5 11. f4 Be6 12. Qe2 Nd4 13. cxd4 Qxd4+ 14. Qf2
Bxc4 15. Re1 Rfe8 16. Nc3 Rad8 17. Rad1 Qxf2+ 18. Kxf2 Rd4 19. b3 Bd3 20. Rd2
Red8 21. Red1 Ba6 22. Ke3 Rxd2 23. Rxd2 Rxd2 24. Kxd2 f6 25. g4 Kf7 26. h4 b6
27. Ke3 c6 28. f5 Ke7 29. g5 Kd6 30. Nd1 c4 31. b4 c5 32. bxc5+ Kxc5 33. Nc3 b5
34. gxf6 gxf6 35. Nd5 b4 36. Nxf6 b3 37. axb3 cxb3 38. Kd2 Kd4 39. Kc1 Ke5 40.
Nxh7 Kxe4 41. f6 Bc4 42. f7 Bxf7 43. Ng5+ Kf5 44. Nxf7 Kg4 45. Kb2 Kxh4 46. Kxb3
a5 47. Ka4 Kh5 48. Kxa5 {Game drawn because neither player has mating material}
1/2-1/2

[Event "Team 45 45 League T73"]
[Site "Internet Chess Club"]
[Date "2017.07.17"]
[Round "5"]
[White "gz99754539"]
[Black "santiagoelawad"]
[Result "1/2-1/2"]
[WhiteElo "1707"]
[BlackElo "1969"]
[Opening "Caro-Kann: Panov-Botvinnik attack, 5...g6"]
[ECO "B14"]
[Time "21:01:21"]
[TimeControl "2700+45"]

1. e4 c6 2. d4 d5 3. exd5 cxd5 4. c4 Nf6 5. Nc3 g6 6. Nf3 Bg7 7. Bd3 O-O 8. Bf4
Nc6 9. Ne2 Bg4 10. Ne5 Bxe2 11. Nxc6 Bxd1 12. Nxd8 Rfxd8 13. Rxd1 dxc4 14. Bxc4
Rac8 15. Bb3 Nd5 16. Be3 b5 17. O-O e5 {Game drawn by mutual agreement} 1/2-1/2

[Event "Team 45 45 League T73"]
[Site "Internet Chess Club"]
[Date "2017.07.17"]
[Round "5"]
[White "Heian"]
[Black "samit"]
[Result "1/2-1/2"]
[WhiteElo "1636"]
[BlackElo "1504"]
[Opening "Sicilian defense"]
[ECO "B20"]
[Time "18:01:23"]
[TimeControl "2700+45"]

1. e4 c5 2. c4 Nc6 3. Nf3 e5 4. d3 d6 5. h3 Nf6 6. Be2 Be7 7. O-O O-O 8. Nc3 Be6
9. Nh2 Nd4 10. f4 a6 11. f5 Bd7 12. Ng4 Nxg4 13. Bxg4 b5 14. b3 Bg5 15. Ne2 Bxc1
16. Rxc1 Qg5 17. Nxd4 exd4 18. Rc2 f6 19. Rcf2 bxc4 20. bxc4 Rab8 21. g3 Rb4 22.
Kg2 Ba4 23. Qd2 Qxd2 24. Rxd2 Rfb8 25. Bd1 Rb2 26. Rff2 Rxd2 27. Rxd2 Bxd1 28.
Rxd1 Rb2+ 29. Kf3 Rxa2 30. Rb1 Rd2 31. Rb3 a5 32. h4 Kf7 33. Ra3 Ke8 34. g4 g5
35. fxg6 hxg6 36. h5 Kf7 37. Kf4 gxh5 38. gxh5 Kg7 39. Kf5 Kf7 40. h6 Rh2 41.
Rxa5 Rxh6 42. Ra7+ Kg8 43. Ke6 Kf8 44. Kxd6 f5+ 45. Ke5 fxe4 46. Kxe4 Rh5 47.
Rc7 Ke8 48. Rc6 Kd7 49. Rf6 Rg5 50. Rf5 Rg4+ 51. Kd5 Rg3 52. Kxc5 Rxd3 53. Rd5+
Kc7 54. Rxd4 Rxd4 55. Kxd4 Kd6 56. Ke4 Kc5 57. Kd3 Kc6 58. Kc3 Kc5 59. Kb3 Kc6
60. Kb4 Kb6 61. Ka4 Kc5 62. Kb3 Kc6 63. Kb4 Kb6 64. c5+ Kc6 65. Kc4 Kc7 66. Kd5
Kd7 67. Kd4 Kc6 68. Kc4 Kc7 69. Kd5 Kd7 70. Ke4 Kc6 71. Kd4 Kc7 72. Kc4 Kc6 73.
Kb4 Kc7 74. Ka5 Kc6 75. Kb4 Kc7 76. Ka5 Kc6 77. Kb4 {Game drawn by repetition}
1/2-1/2

[Event "Team 45 45 League T73"]
[Site "Internet Chess Club"]
[Date "2017.07.15"]
[Round "5"]
[White "Dreamshell"]
[Black "Froggy"]
[Result "0-1"]
[WhiteElo "1854"]
[BlackElo "2009"]
[Opening "Robatsch (modern) defense"]
[ECO "A40"]
[Time "16:01:30"]
[TimeControl "2700+45"]

1. d4 g6 2. e4 Bg7 3. Nf3 d6 4. Bc4 Nf6 5. Nbd2 O-O 6. O-O Nxe4 7. Nxe4 d5 8.
Bd3 dxe4 9. Bxe4 Nd7 10. c3 Nf6 11. Bd3 b6 12. Re1 Bb7 13. Qe2 e6 14. Bg5 Qd6
15. Rad1 h6 16. Bh4 Nh5 17. Qe3 Qf4 18. Qxf4 Nxf4 19. Be4 Bxe4 20. Rxe4 Nh5 21.
Be7 Rfe8 22. Ba3 Rad8 23. Ree1 a5 24. c4 Rd7 25. Ne5 Bxe5 26. Rxe5 Red8 27. d5
c6 28. c5 b5 29. b3 Rxd5 30. Rexd5 Rxd5 31. Rxd5 exd5 32. Bb2 Nf4 33. Bc3 {White
resigns} 0-1

[Event "Team 45 45 League T73"]
[Site "Internet Chess Club"]
[Date "2017.07.16"]
[Round "5"]
[White "Freitac"]
[Black "gera-carp75"]
[Result "1-0"]
[WhiteElo "1979"]
[BlackElo "1824"]
[Opening "King's Indian: 5.Nf3"]
[ECO "E90"]
[Time "18:41:38"]
[TimeControl "2700+45"]

1. d4 Nf6 2. c4 g6 3. Nc3 Bg7 4. e4 d6 5. Nf3 O-O 6. h3 e5 7. d5 a5 8. g4 Na6 9.
Be3 Nd7 10. h4 f6 11. Qd2 Ndc5 12. Rg1 Bd7 13. O-O-O c6 14. Be2 cxd5 15. Qxd5+
Kh8 16. Qxd6 Bc6 17. Bxc5 {Black resigns} 1-0

[Event "Team 45 45 League T73"]
[Site "Internet Chess Club"]
[Date "2017.07.16"]
[Round "5"]
[White "cityprosecutor"]
[Black "ArturitoGalacti"]
[Result "0-1"]
[WhiteElo "1704"]
[BlackElo "1867"]
[Opening "Caro-Kann: closed (Breyer) variation"]
[ECO "B10"]
[Time "20:13:22"]
[TimeControl "2700+45"]

1. e4 c6 2. d3 d5 3. Nd2 e5 4. Ngf3 Bg4 5. g3 Bd6 6. Bg2 Nf6 7. h3 Bxf3 8. Qxf3
O-O 9. O-O Nbd7 10. Re1 Qc7 11. Nf1 d4 12. g4 c5 13. Ng3 b5 14. Bd2 Qb6 15. Nf5
Rfc8 16. g5 Ne8 17. h4 Bf8 18. Bh3 Rc7 19. h5 c4 20. Rac1 cxd3 21. cxd3 Rac8 22.
Kh1 Rxc1 23. Bxc1 Rc7 24. Rg1 g6 25. Nh4 Bg7 26. h6 Bf8 27. Qg3 Bd6 28. Rf1 Nc5
29. f4 exf4 30. Bxf4 Bxf4 31. Qxf4 Nxd3 32. Qg3 Nxb2 33. Nxg6 Qxg6 34. Bf5 Qh5+
35. Kg1 Rc3 36. Qf4 Nd3 {White forfeits on time} 0-1

[Event "Team 45 45 League T73"]
[Site "Internet Chess Club"]
[Date "2017.07.17"]
[Round "5"]
[White "LobowolfXXX"]
[Black "kanishka"]
[Result "1/2-1/2"]
[WhiteElo "1838"]
[BlackElo "1688"]
[Opening "English opening"]
[ECO "A16"]
[Time "00:19:29"]
[TimeControl "2700+45"]

1. c4 Nf6 2. Nc3 g6 3. e3 Bg7 4. Nge2 e5 5. Ng3 d6 6. Qc2 O-O 7. b3 Be6 8. Bb2
c6 9. Be2 d5 10. O-O-O Na6 11. a3 dxc4 12. Bxc4 Nc5 13. d4 exd4 14. Rxd4 Qc8 15.
Bxe6 Qxe6 16. Rc4 b6 17. Nce4 Ncxe4 18. Nxe4 c5 19. Nxf6+ Bxf6 20. Bxf6 Qxf6 21.
Qb2 Kg7 22. Rd1 Rfd8 23. Qxf6+ Kxf6 24. Rxd8 Rxd8 25. Kc2 Ke5 26. b4 cxb4 27.
axb4 Rd7 28. Kc3 g5 29. f3 h5 30. Re4+ Kf5 31. Kc4 g4 32. Rd4 Re7 33. Rd5+ Kg6
34. e4 gxf3 35. gxf3 a6 36. Kd4 Re6 37. f4 Rc6 38. b5 axb5 39. Rxb5 f6 40. h4
Rd6+ 41. Kc4 Kh6 42. e5 fxe5 43. fxe5 Rg6 44. Kd5 Kg7 45. e6 Rg4 46. Rxb6 Rxh4
47. Kd6 Rd4+ 48. Ke5 Rd2 49. Rb7+ Kf8 50. Rh7 Re2+ 51. Kf5 Rf2+ 52. Kg5 {Game
drawn by mutual agreement} 1/2-1/2

[Event "Team 45 45 League T73"]
[Site "Internet Chess Club"]
[Date "2017.07.16"]
[Round "5"]
[White "Signalman"]
[Black "Darshukarpov"]
[Result "1-0"]
[WhiteElo "1861"]
[BlackElo "1489"]
[Opening "Queen's pawn: London system"]
[ECO "A45"]
[Time "10:05:17"]
[TimeControl "2700+45"]

1. d4 Nf6 2. Bf4 e6 3. e3 c5 4. c3 b6 5. Nf3 Bb7 6. Bd3 cxd4 7. exd4 Be7 8. O-O
d6 9. Nbd2 O-O 10. Re1 Nbd7 11. Qe2 a6 {Anonymous or guest player Black
disconnected and forfeits} 1-0

[Event "Team 45 45 League T73"]
[Site "Internet Chess Club"]
[Date "2017.07.15"]
[Round "5"]
[White "ears"]
[Black "gera-carp75"]
[Result "0-1"]
[WhiteElo "1776"]
[BlackElo "1834"]
[Opening "King's Indian: Sämisch, orthodox main line"]
[ECO "E89"]
[Time "16:05:33"]
[TimeControl "2700+45"]

1. d4 Nf6 2. c4 g6 3. Nc3 Bg7 4. e4 d6 5. f3 O-O 6. Be3 e5 7. Nge2 c6 8. d5 cxd5
9. cxd5 a6 10. Qd2 Nbd7 11. Nc1 b5 12. Nd3 Nh5 13. g4 Nf4 14. O-O-O Qa5 15. Kb1
b4 16. Ne2 Nxd3 17. Qxd3 Nb6 18. Nc1 Na4 19. Nb3 Qd8 20. h4 f5 21. Be2 f4 22.
Bf2 Bd7 23. Rc1 Nb6 24. Na5 Na4 25. Nb3 Rf7 26. Rc2 Be8 27. Rhc1 Rb7 28. Qd2 Bf8
29. Bd3 a5 30. Qe2 h6 31. Ba6 Rbb8 32. Bd3 Nb6 33. Nd2 a4 34. Nc4 b3 35. Rc3
bxa2+ 36. Ka1 Nxc4 37. Bxc4 Be7 38. Bxa2 Bxh4 39. Bxh4 Qxh4 40. Qg2 a3 41. b3
Bb5 42. Rh1 Qg3 43. Qxg3 fxg3 44. Rg1 Rc8 45. Rxc8+ Rxc8 46. Bb1 Rc3 47. Ka2
Rxf3 48. Kxa3 Bf1 49. Ka4 g2 50. b4 Rg3 51. b5 h5 52. b6 Rf3 53. b7 Rf8 54. Ka5
h4 55. Bd3 Bxd3 56. Rxg2 Bxe4 57. Rd2 h3 58. Kb6 Bg2 59. Kc6 h2 60. Rd1 h1=Q 61.
Rxh1 Bxh1 62. Kxd6 e4 {White resigns} 0-1

[Event "Team 45 45 League T73"]
[Site "Internet Chess Club"]
[Date "2017.07.15"]
[Round "5"]
[White "BrianWood"]
[Black "rookbattery"]
[Result "1/2-1/2"]
[WhiteElo "1483"]
[BlackElo "1535"]
[Opening "Bird's opening"]
[ECO "A02"]
[Time "15:03:17"]
[TimeControl "2700+45"]

1. f4 e6 2. Nf3 f5 3. e3 b6 4. b3 Bb7 5. Bb2 Nf6 6. Be2 d6 7. c4 Be7 8. O-O O-O
9. d3 Ng4 10. Qd2 Bf6 11. d4 Nd7 12. Nc3 Be7 13. d5 e5 14. h3 Nh6 15. Rad1 Bf6
16. fxe5 dxe5 17. e4 f4 18. Ba3 Re8 19. d6 Nc5 20. Bxc5 bxc5 21. Nb5 cxd6 22.
Nxd6 Bc6 23. Nxe8 Qxe8 24. Qd6 Bxe4 25. Qxc5 Rc8 {Game drawn by mutual
agreement} 1/2-1/2

[Event "Team 45 45 League T73"]
[Site "Internet Chess Club"]
[Date "2017.07.14"]
[Round "5"]
[White "SlimeDog2"]
[Black "SAC2001"]
[Result "1-0"]
[WhiteElo "2057"]
[BlackElo "1948"]
[Opening "Grünfeld: modern exchange variation"]
[ECO "D85"]
[Time "20:04:52"]
[TimeControl "2700+45"]

1. d4 Nf6 2. c4 g6 3. Nc3 d5 4. cxd5 Nxd5 5. e4 Nxc3 6. bxc3 Bg7 7. Nf3 c5 8. h3
O-O 9. Be2 cxd4 10. cxd4 Nc6 11. Be3 Qa5+ 12. Bd2 Qa3 13. d5 Ne5 14. Nxe5 Bxe5
15. O-O Rd8 16. Bc4 Bxa1 17. Qxa1 Qd6 18. e5 Qc5 19. Rc1 Bf5 20. Bg5 Qa3 21. Rc3
Qc5 22. Rc1 Qa3 23. d6 exd6 24. Bxf7+ Kxf7 25. e6+ Kxe6 26. Qf6+ Kd5 27. Qf7+
Be6 28. Qxb7+ Ke5 29. Re1+ Kd4 30. Qe4+ Kc5 31. Be3+ Kb5 32. Qxe6 Qd3 33. Qe7
Ka4 34. Bxa7 Re8 35. Qh4+ Ka3 36. Be3 Kxa2 37. Qxh7 Reb8 38. Qf7+ d5 39. Kh2 Ra6
40. Rc1 Rb1 41. Rc5 Rb5 42. Rc8 Qf5 43. Qc7 Rb1 44. Qc3 Ra3 45. Qc5 Qe5+ 46. g3
Qe4 47. Bc1 Ra4 48. Qc3 Qd4 49. Qc2+ Ka1 50. Rc3 Ra2 51. Qxa2+ Kxa2 52. Ra3#
{Black checkmated} 1-0

[Event "Team 45 45 League T73"]
[Site "Internet Chess Club"]
[Date "2017.07.16"]
[Round "5"]
[White "jjimalo"]
[Black "cysk"]
[Result "0-1"]
[WhiteElo "1740"]
[BlackElo "1733"]
[Opening "Dutch defense"]
[ECO "A90"]
[Time "12:28:46"]
[TimeControl "2700+45"]

1. d4 f5 2. c4 Nf6 3. g3 e6 4. Bg2 d5 5. Nf3 c6 6. Nc3 Bd6 7. O-O O-O 8. b3 Ne4
9. Bb2 Nd7 10. e3 b6 11. Nd2 Nxc3 12. Bxc3 Nf6 13. Qc2 Bb7 14. f3 c5 15. Rad1
Rc8 16. Qb2 cxd4 17. Bxd4 Qe7 18. Rfe1 Ba3 19. Qa1 Ba6 20. cxd5 Nxd5 21. e4 Nb4
22. exf5 Nc2 23. Qb1 Nxd4 {White resigns} 0-1

[Event "Team 45 45 League T73"]
[Site "Internet Chess Club"]
[Date "2017.07.17"]
[Round "5"]
[White "idjit"]
[Black "elmaestro"]
[Result "1/2-1/2"]
[WhiteElo "1627"]
[BlackElo "1699"]
[Opening "Sicilian: closed"]
[ECO "B23"]
[Time "12:08:00"]
[TimeControl "2700+45"]

1. e4 c5 2. Nc3 d6 3. f4 g6 4. Nf3 Bg7 5. Bb5+ Nd7 6. O-O a6 7. Bxd7+ Bxd7 8. d4
cxd4 9. Nxd4 Qb6 10. Be3 Qxb2 11. Nd5 Rc8 12. Rb1 Qa3 13. Rxb7 e6 14. Rb3 Qxa2
15. Nb6 Bxd4 16. Nxc8 Bxe3+ 17. Rxe3 Bxc8 18. Qxd6 Qa5 19. Rd1 Nf6 20. e5 Nd5
21. Red3 Qb5 22. Rb3 Qe2 23. Rdb1 Nxf4 24. Qc6+ Ke7 25. Qd6+ Ke8 26. Qc6+ Ke7
27. Qd6+ Ke8 28. Qc6+ Ke7 {Game drawn by repetition} 1/2-1/2

[Event "Team 45 45 League T73"]
[Site "Internet Chess Club"]
[Date "2017.07.17"]
[Round "5"]
[White "kllrchris"]
[Black "AVEMARIA"]
[Result "1-0"]
[WhiteElo "1700"]
[BlackElo "1647"]
[Opening "Caro-Kann: Panov-Botvinnik attack, 5...e6"]
[ECO "B14"]
[Time "17:06:54"]
[TimeControl "2700+45"]

1. e4 c6 2. d4 d5 3. exd5 cxd5 4. c4 Nf6 5. Nc3 e6 6. Nf3 Be7 7. Bd3 O-O 8. O-O
dxc4 9. Bxc4 Nc6 10. Re1 Nb4 11. Bb3 b6 12. a3 Nbd5 13. Bc2 Bb7 14. Qd3 Nxc3 15.
bxc3 Bxf3 16. Qxf3 Rc8 17. Qh3 g6 18. Bh6 Re8 19. Bb3 Bf8 20. Bg5 h6 21. Bxh6
Bxh6 22. Qxh6 Rxc3 23. Bxe6 Qxd4 24. Qxg6+ Kh8 25. Bxf7 Rxe1+ 26. Rxe1 Qe5 27.
Qh6+ {Black resigns} 1-0

[Event "Team 45 45 League T73"]
[Site "Internet Chess Club"]
[Date "2017.07.13"]
[Round "5"]
[White "Insan996"]
[Black "bluesun"]
[Result "1-0"]
[WhiteElo "1624"]
[BlackElo "1482"]
[Opening "QGD Slav: exchange variation"]
[ECO "D13"]
[Time "19:09:26"]
[TimeControl "2700+45"]

1. d4 d5 2. c4 c6 3. cxd5 cxd5 4. Nf3 Nf6 5. Nc3 Nc6 6. Bf4 a6 7. Ne5 Qb6 8.
Nxc6 bxc6 9. Qd2 Bf5 10. e3 e6 11. a3 Be7 12. Be2 O-O 13. O-O Rfc8 14. b4 a5 15.
Na4 Qa7 16. Nc5 Ne4 17. Nxe4 Bxe4 18. bxa5 Qxa5 19. Qxa5 Rxa5 20. a4 c5 21. dxc5
Rcxc5 22. Rfc1 Rxa4 23. f3 Rxa1 24. Rxa1 g5 25. Be5 f6 26. Bxf6 Bxf6 27. Ra8+
Kf7 28. fxe4 dxe4 29. Bg4 Rc3 30. Kf2 Rc4 31. Ra6 Rc2+ 32. Kf1 e5 33. Bf5 h5 34.
Ra7+ Kf8 35. Bxe4 Rc3 36. Ke2 g4 37. Bg6 h4 38. Rf7+ Kg8 39. Rxf6 Rc2+ 40. Bxc2
Kg7 41. Rf5 g3 42. h3 Kh6 43. Rxe5 Kg7 44. Kf3 Kf6 45. Re4 Kg5 46. Rg4+ Kh5 47.
e4 Kh6 48. e5 Kh5 49. e6 Kh6 50. e7 Kh5 51. e8=Q+ Kh6 52. Qg6# {Black
checkmated} 1-0

[Event "Team 45 45 League T73"]
[Site "Internet Chess Club"]
[Date "2017.07.18"]
[Round "5"]
[White "MasterD"]
[Black "Gilguli"]
[Result "0-1"]
[WhiteElo "1486"]
[BlackElo "1405"]
[Opening "Bishop's opening: Berlin defense"]
[ECO "C24"]
[Time "14:10:59"]
[TimeControl "2700+45"]

1. e4 e5 2. Bc4 Nf6 3. d3 Nc6 4. Nc3 Bb4 5. f4 d6 6. f5 g6 7. fxg6 hxg6 8. Nf3
Bg4 9. a3 Bxc3+ 10. bxc3 Qe7 11. O-O O-O-O 12. Bg5 Rh5 13. Be3 Rdh8 14. h3 Bxh3
15. gxh3 Rxh3 16. Kf2 Ng4+ 17. Ke2 Nxe3 18. Kxe3 Qg5+ 19. Ke2 Qg4 20. Bxf7 Rf8
21. Bd5 Rfxf3 22. Be6+ Qxe6 23. Rxf3 Qg4 24. Qf1 Rh2+ 25. Ke1 Qh4+ 26. Kd1 Rh1
27. Rf8+ Nd8 28. Ke2 Rxf1 29. Raxf1 Qg4+ 30. Kd2 Kd7 31. R8f6 Ne6 32. Rf7+ Kc6
33. Kc1 Nf4 34. Kb2 Qg2 35. Rd1 Qe2 36. Rg1 Nxd3+ 37. Kb3 Nc5+ 38. Kb2 Nxe4 39.
Rxg6 Qb5+ 40. Kc1 Nxc3 41. Rgg7 Qb1+ 42. Kd2 Nd5 43. c4 Qa2+ 44. Kd3 Qb3+ 45.
Kd2 Qxc4 46. Rd7 e4 47. Rdf7 e3+ 48. Ke1 Qc3+ 49. Ke2 Qd2+ 50. Kf3 Qf2+ 51. Ke4
Qxf7 52. Rxf7 e2 {White resigns} 0-1

[Event "Team 45 45 League T73"]
[Site "Internet Chess Club"]
[Date "2017.07.16"]
[Round "5"]
[White "tamky70"]
[Black "mattwang"]
[Result "1/2-1/2"]
[WhiteElo "1307"]
[BlackElo "1339"]
[Opening "Catalan: closed"]
[ECO "E01"]
[Time "19:30:43"]
[TimeControl "2700+45"]

1. d4 d5 2. c4 e6 3. g3 Nf6 4. Bg2 Nbd7 5. Qc2 c5 6. Nf3 cxd4 7. Nxd4 Bc5 8. e3
e5 9. Nb3 dxc4 10. Qxc4 O-O 11. O-O Bb6 12. Bd2 Re8 13. Nc3 Qe7 14. Ne4 Nxe4 15.
Bxe4 Nf6 16. Bg2 Be6 17. Qb4 Qxb4 18. Bxb4 a5 19. Bc3 Ra7 20. Nd2 Bg4 21. Rfc1
Bc7 22. Ne4 Nxe4 23. Bxe4 Rd8 24. f3 Be6 25. Bc2 Bb6 26. Kf2 f6 27. Bb3 Bxb3 28.
axb3 Raa8 29. Rd1 Rxd1 30. Rxd1 Rd8 31. Rxd8+ Bxd8 32. Ke2 b5 33. Kd3 Kf7 34. b4
a4 35. Ke4 Ke6 36. Kd3 f5 37. e4 g6 38. Bd2 Be7 39. Kc3 Kd6 40. Be3 Ke6 41. h3
Kf6 42. Bd2 Ke6 43. Be3 Kd7 44. Bd2 Kc6 45. Kd3 Kd7 46. Bc3 Ke6 47. Ke3 Bg5+ 48.
Ke2 h5 49. Bd2 Bxd2 50. Kxd2 Kd6 51. Ke3 Ke6 52. Kd3 Kd6 53. Ke3 Ke6 54. f4
exf4+ 55. gxf4 Kd6 56. h4 fxe4 57. Kxe4 Ke6 58. Kd4 Kd6 59. Ke4 Ke6 60. Kd4 Kd6
61. Ke3 Kd5 62. Kd3 Kd6 63. Kd4 Ke6 64. Kc5 Kf5 65. Kxb5 Kxf4 66. Kxa4 Kg4 67.
b5 Kxh4 68. b6 g5 69. b7 g4 70. b8=Q g3 71. Qd8+ Kh3 72. Qg8 g2 73. b4 h4 74. b5
Kh2 75. b6 g1=R 76. Qxg1+ Kxg1 77. b7 h3 78. b8=Q h2 79. Qg8+ Kh1 80. Qa2 Kg1
81. Qb1+ Kg2 82. Qc2+ Kg1 83. Qg6+ Kh1 84. Qe4+ Kg1 85. Qg4+ Kh1 86. Qh3 Kg1 87.
Qg3+ Kh1 88. Qe1+ Kg2 89. Qe4+ Kg1 90. Qg4+ Kh1 91. Qh3 Kg1 92. Qe3+ Kg2 93.
Qe2+ Kg1 94. Qg4+ Kh1 {Game drawn by repetition} 1/2-1/2

[Event "Team 45 45 League T73"]
[Site "Internet Chess Club"]
[Date "2017.07.15"]
[Round "5"]
[White "vedv"]
[Black "Toalla"]
[Result "0-1"]
[WhiteElo "1008"]
[BlackElo "1223"]
[Opening "Sicilian defense"]
[ECO "B30"]
[Time "11:01:24"]
[TimeControl "2700+45"]

1. e4 c5 2. Nf3 Nc6 3. Bc4 e6 4. Nc3 a6 5. O-O b5 6. Be2 b4 7. Na4 Qa5 8. b3 Nf6
9. e5 Ng4 10. h3 Ngxe5 11. Nxe5 Nxe5 12. d4 cxd4 13. Qxd4 Nc6 14. Qe4 d5 15. Qf4
e5 16. Qd2 Bd6 17. Bf3 Be6 18. Rd1 Nd4 19. c4 Nxf3+ 20. gxf3 d4 21. a3 O-O 22.
axb4 Bxb4 23. Qd3 Bxh3 24. Qe4 Bd7 25. Ra2 f5 26. Qd5+ Qxd5 27. cxd5 Bxa4 28.
Rxa4 a5 29. Bg5 h6 30. Bc1 Rfd8 31. Bb2 Rxd5 32. Raa1 Rc8 33. Rdc1 Rxc1+ 34.
Rxc1 Bc3 35. Bxc3 dxc3 36. Rxc3 Rd1+ 37. Kg2 Kf7 38. Rc7+ Kf6 39. Rc6+ Kg5 40.
Rc5 Rb1 41. Rxa5 Rxb3 42. Rxe5 g6 43. Kg3 h5 44. Kg2 h4 45. Re1 Kf4 46. Rh1 g5
47. Re1 Rxf3 48. Re2 h3+ 49. Kh2 Kg4 50. Kg1 Kh4 51. Kh2 g4 52. Kg1 g3 53. fxg3+
Kxg3 54. Kh1 Rf1# {White checkmated} 0-1

[Event "Team 45 45 League T73"]
[Site "Internet Chess Club"]
[Date "2017.07.17"]
[Round "5"]
[White "QuieroAprender"]
[Black "clarinetref"]
[Result "1-0"]
[WhiteElo "1597"]
[BlackElo "1523"]
[Opening "Robatsch (modern) defense"]
[ECO "B06"]
[Time "13:34:06"]
[TimeControl "2700+45"]

1. e4 g6 2. Nc3 Bg7 3. f4 c6 4. Nf3 d5 5. e5 h5 6. h3 Nh6 7. d4 Bf5 8. Bd3 e6 9.
Be3 Bxd3 10. Qxd3 h4 11. Bf2 Nf5 12. Nd1 Bh6 13. Be3 Ng3 14. Rg1 Na6 15. c3 Bf8
16. b4 Nc7 17. a4 b6 18. Nf2 Nf5 19. Ng4 Be7 20. Bf2 Kf8 21. Nf6 Ne8 22. Ng4
Neg7 23. Ne3 Ng3 24. Bxg3 hxg3 25. Nf1 Nh5 26. Qe3 Qc7 27. Rc1 a5 28. bxa5 Rxa5
29. Ra1 c5 30. N1d2 Kg7 31. Ke2 Qa7 32. c4 Rxa4 33. Rxa4 Qxa4 34. cxd5 cxd4 35.
Nxd4 Bc5 36. N2b3 Qc4+ 37. Kf3 Qxd5+ 38. Qe4 Qc4 39. Nf5+ gxf5 40. Qxc4 Bxg1 41.
Nd4 Rd8 42. Nxe6+ fxe6 43. Qc7+ Kg6 44. Qxd8 Bf2 45. Qg5+ Kf7 46. Qxh5+ Ke7 47.
Qh7+ Kd8 48. Qf7 b5 49. Qxe6 b4 50. Qd6+ Kc8 51. Qxb4 {Black resigns} 1-0

[Event "Team 45 45 League T73"]
[Site "Internet Chess Club"]
[Date "2017.07.18"]
[Round "5"]
[White "kutch"]
[Black "pcvan"]
[Result "1-0"]
[WhiteElo "1532"]
[BlackElo "1397"]
[Opening "QGD: Tartakower (Makagonov-Bondarevsky) system"]
[ECO "D58"]
[Time "21:03:45"]
[TimeControl "2700+45"]

1. d4 d5 2. c4 e6 3. Nc3 Nf6 4. Bg5 Be7 5. e3 O-O 6. Nf3 h6 7. Bh4 b6 8. Bd3 Bb7
9. O-O dxc4 10. Bxc4 Nbd7 11. Rc1 Rc8 12. Qe2 c5 13. Rfd1 Qc7 14. Nb5 Qb8 15.
Bg3 Qa8 16. Nc7 Bxf3 17. gxf3 Qc6 18. Bb5 Qb7 19. Ba6 Qc6 20. Bxc8 Rxc8 21. Nb5
Qb7 22. dxc5 Nxc5 23. b4 Na4 24. Rxc8+ Qxc8 25. Bd6 Qb7 26. Bxe7 Qxe7 27. Qd2
Nd5 28. a3 a6 29. e4 axb5 30. exd5 exd5 31. Qxd5 Nc3 32. Qd8+ Qxd8 33. Rxd8+ Kh7
34. Rd6 Na4 35. Kf1 f6 36. Ke2 Kg6 37. Ke3 Kf7 38. Kd4 Ke7 39. Rd5 Ke6 40. Rxb5
Kd6 41. Rd5+ Kc6 42. Rd8 b5 43. Rg8 g5 44. Rg6 {Black resigns} 1-0